 Dungeon Crawl Stone Soup version 0.27.1 (webtiles) character file.

Game seed: 5391646131616167662

63 Crownlay the Chopper (level 4, -1/39 HPs)
             Began as a Hill Orc Fighter on Aug 29, 2021.
             Slain by an orc warrior (12 damage)
             ... on level 3 of the Dungeon.
             The game lasted 00:02:35 (2713 turns).

Crownlay the Chopper (Hill Orc Fighter)             Turns: 2713, Time: 00:02:35

Health: -1/39      AC:  8    Str: 19    XL:     4   Next: 9%
Magic:  4/4        EV:  9    Int:  8    God:
Gold:   56         SH:  0    Dex: 10    Spells: 3/3 levels left

rFire    . . .     SeeInvis .   a - +0 war axe
rCold    . . .     Faith    .   (no shield)
rNeg     . . .     Spirit   .   b - +0 scale mail
rPois    .         Reflect  .   q - +0 helmet
rElec    .         Harm     .   (no cloak)
rCorr    .         Rampage  .   (no gloves)
Will     +....                  (no boots)
Stlth    ..........             (no amulet)
HPRegen  0.13/turn              p - ring of willpower
MPRegen  0.09/turn              (no ring)

@: mighty
A: no striking features
a: Convert to Beogh


You were on level 3 of the Dungeon.
You visited 1 branch of the dungeon, and saw 3 of its levels.

You collected 56 gold pieces.

Inventory:

Hand Weapons
 a - a +0 war axe (weapon)
Armour
 b - a +0 scale mail (worn)
 c - a +0 kite shield
 q - a +0 helmet (worn)
Jewellery
 p - a ring of willpower (left hand)
Scrolls
 e - a scroll of blinking {unknown}
 f - 2 scrolls of immolation {unknown}
 j - a scroll of acquirement {unknown}
 l - a scroll of enchant weapon {unknown}
 m - 2 scrolls of identify {unknown}
 n - a scroll of noise {unknown}
 o - a scroll of teleportation {unknown}
Potions
 g - a potion of attraction {unknown}
 h - a potion of resistance {unknown}
 i - 2 potions of curing {unknown}
 k - a potion of brilliance {unknown}
 r - a potion of cancellation {unknown}


   Skills:
 - Level 3.6 Fighting
 * Level 5.7 Axes
 - Level 3.2 Armour
 - Level 3.2 Shields


You had 3 spell levels left.
You didn't know any spells.
Your spell library was empty.

Dungeon Overview and Level Annotations

Branches:
Dungeon (3/15)

Altars:


Message History

An orc warrior comes into view. It is wielding a +0 dire flail.
The orc hits you with a +0 mace.
The orc warrior shouts!
You slash the orc!
You kill the orc!
The orc closely misses you.
Things that are here:
a +0 mace; 2 gold pieces; an orc corpse You barely miss the orc priest.
You hit the orc. The orc barely misses you.
The orc priest shouts, "Join the one true god or die!"
The orc priest hits you but does no damage.
The orc hits you with a +0 hand axe.
You closely miss the orc.
The orc is heavily wounded.
You hit the orc priest.
The orc priest shouts, "Beogh is our master!
Accept the truth or die!"
The orc priest hits you with a +0 hand axe.
You hit the orc priest.
The orc priest is almost dead.
The orc priest shouts, "Surrender to Beogh and we'll let you live!"
You hit the orc warrior. The orc priest barely misses you.
You barely miss the orc priest.
The orc priest is almost dead.
You barely miss the orc warrior.
The orc priest shouts, "Surrender to Beogh and we'll let you live!"
The orc priest closely misses you.
The orc warrior hits you with a +0 dire flail.
The orc priest calls down the wrath of Beogh upon you.
Pain shoots through your body!
* * * LOW HITPOINT WARNING * * *
You are too injured to fight recklessly!
You are too injured to fight recklessly!
You are too injured to fight recklessly!
You are too injured to fight recklessly!
You are too injured to fight recklessly!
You are too injured to fight recklessly!
You are too injured to fight recklessly!
You feel very mighty all of a sudden.
The orc warrior hits you with a +0 dire flail!
You die...

....'.)).'(..........>
#.#.#....#.######.....
# ####.#.# #..... #.
#.#....#.# #.....
....#.#.####.##
###.....
...............
........
..#.###.#######
##...... #.# #.####.
#@# #.. #. #...oo#
##.# #. #.'..(.o# ..
+... #. ###.....# .
#..##. #.....# .
#...#. #.....#
####.#.#.#. #.....#
.....#.#... #.....#
...........
.......#...


You could see an orc warrior, an orc priest and an orc.

Vanquished Creatures
  A gnoll (D:1)
  2 worms (D:2)
  An orc (D:3)
  5 ball pythons
  4 endoplasms
  A giant cockroach (D:3)
  2 goblins (D:1)
  5 hobgoblins
  3 jackals (D:1)
  6 kobolds
  2 quokkas
  5 bats
  A frilled lizard (D:1)
  2 rats
40 creatures vanquished.

Notes
Turn   | Place    | Note
-------+----------+-------------------------------------------
     0 | D:1      | Crownlay the Hill Orc Fighter began the quest for the Orb.
     0 | D:1      | Reached XP level 1. HP: 19/19 MP: 1/1
    37 | D:1      | Reached skill level 3 in Axes
   236 | D:1      | Reached XP level 2. HP: 26/26 MP: 2/2
   553 | D:1      | Reached skill level 4 in Axes
   791 | D:1      | Reached XP level 3. HP: 16/31 MP: 3/3
  1204 | D:1      | Reached skill level 5 in Axes
  1477 | D:2      | Found a faded altar of an unknown god.
  2540 | D:3      | Reached XP level 4. HP: 39/39 MP: 4/4
  2706 | D:3      | Noticed an orc warrior
  2713 | D:3      | Slain by an orc warrior

Illustrated notes

Levels and vault maps discovered:
D:1:      minmay_arrival_four_houses, layout_loops_ring, minmay_octomino_j4
D:2:      layout_loops_ring, shapermc_ecumenical_altar_venn, grunt_ministairs_11
D:3:      layout_basic, yredelemnul_altar_generic

Skill      XL: |  1  2  3 |
---------------+----------+-----
Axes           | 3 4 5 |  5.7
Fighting       | |  3.6
Armour         | |  3.2
Shields        | |  3.2

Action                   |  1- 3 |  4- 6 || total
-------------------------+-------+-------++-------
Melee: War axe           |   124 |    12 ||   136
  Use: Potion            |       |     1 ||     1
Armor: Scale mail        |    70 |     2 ||    72
Dodge: Dodged            |    72 |     5 ||    77
